 Dungeon Crawl Stone Soup version 0.31-a0-968-g24f9ace8b5 (webtiles) character file.

Game seed: 11255084010065733864

86041 jasper the Bludgeoner (level 15, -4/167 HPs)
             Began as an Ogre Wanderer on Oct 26, 2023.
             Was an Initiate of Uskayaw.
             Killed from afar by a bog body (13 damage)
             ... with a bolt of cold
             ... on level 1 of the Swamp on Oct 27, 2023.
             The game lasted 00:47:18 (27616 turns).

jasper the Bludgeoner (Ogre Wanderer)              Turns: 27616, Time: 00:47:19

Health: -4/167     AC: 14    Str: 33    XL:     15   Next: 85%
Magic:  13/22      EV:  9    Int: 23    God:    Uskayaw [......]
Gold:   1530       SH:  7    Dex: 11    Spells: 14/14 levels left

rFire   . . .        u - +8 mace "Hafach" {drain, Fragile rPois Int+5 Dex+2}
rCold   . . .        A - +0 kite shield
rNeg    + . .        K - +0 swamp dragon scales
rPois   +            v - +1 hat of the Gastropod {Regen+ Slay+2}
rElec   +            X - +1 cloak {rCorr}
rCorr   +            (gloves unavailable)
SInv    +            (boots unavailable)
Will    +....        J - amulet of regeneration
Stlth   +            Y - ring of Tuynix {rN+ rCorr Str+2 Int+3}
HPRegen 2.07/turn    W - ring of the Final Decision {rElec Str+6 Int+2 SInv}
MPRegen 0.18/turn

%: no passive effects
@: marked, studying Evocations
A: large, unfitting armour, tough skin 1
a: Renounce Religion


You were on level 1 of the Swamp.
You worshipped Uskayaw.
Uskayaw was aware of your devotion.
You visited 4 branches of the dungeon, and saw 23 of its levels.
You also visited: Gauntlet.

You collected 2340 gold pieces.
You spent 810 gold pieces at shops.

Inventory:

Hand Weapons
 u - the +8 mace "Hafach" (weapon) {drain, Fragile rPois Int+5 Dex+2}
   (You bought it in a shop on level 1 of the Dungeon)

   Int+5:     It affects your intelligence (+5).
   Dex+2:     It affects your dexterity (+2).
   rPois:     It protects you from poison Fragile: It will be destroyed if
   unequipped.
 y - a +0 giant spiked club
 L - a +0 giant club
Missiles
 t - 20 large rocks
 x - 27 poisoned darts (quivered)
 Z - 4 silver javelins
Armour
 v - the +1 hat of the Gastropod (worn) {Regen+ Slay+2}
   (You found it on level 12 of the Dungeon)

   Slay+2:    It affects your accuracy & damage with ranged weapons and melee
   (+2).
   Regen+:    It increases your rate of health regeneration.
 z - a +0 tower shield
 A - a +0 kite shield (worn)
 K - +0 swamp dragon scales (worn)
 X - a +1 cloak of preservation (worn)
Jewellery
 l - a ring of protection from fire
 H - a ring of positive energy
 J - an amulet of regeneration (around neck)
 P - a ring of see invisible
 W - the ring of the Final Decision (right hand) {rElec Str+6 Int+2 SInv}
   (You found it in a Gauntlet)

   [ring of strength]

   Str+6:     It affects your strength (+6).
   Int+2:     It affects your intelligence (+2).
   rElec:     It insulates you from electricity.
   SInv:      It lets you see invisible.
 Y - the ring of Tuynix (left hand) {rN+ rCorr Str+2 Int+3}
   (You found it in a Gauntlet)

   [ring of resist corrosion]

   Str+2:     It affects your strength (+2).
   Int+3:     It affects your intelligence (+3).
   rN+:       It protects you from negative energy.
   rCorr:     It protects you from acid and corrosion.
Talismans
 w - a granite talisman
Wands
 b - a wand of polymorph (3)
 h - a wand of mindburst (19)
 k - a wand of roots (4)
 r - a wand of digging (8)
 O - a wand of quicksilver (1)
 T - a wand of paralysis (27)
 V - a wand of flame (15)
Scrolls
 j - 2 scrolls of fear
 n - 3 scrolls of poison
 q - 7 scrolls of identify
 B - 9 scrolls of teleportation
 D - a scroll of enchant armour
 F - 3 scrolls of blinking
 M - 5 scrolls of vulnerability
 N - 2 scrolls of enchant weapon
 Q - a scroll of immolation
 S - a scroll of revelation
Potions
 a - 4 potions of heal wounds
 c - 2 potions of invisibility
 d - 3 potions of brilliance
 e - 2 potions of magic
 f - 2 potions of degeneration
 g - a potion of mutation
 i - a potion of might
 m - 3 potions of ambrosia
 o - 2 potions of attraction
 p - 2 potions of lignification
 s - 8 potions of curing
 G - 4 potions of haste
 I - a potion of resistance
 R - 4 potions of cancellation
 U - 3 potions of enlightenment
Miscellaneous
 C - a sack of spiders (inert)


   Skills:
 - Level 15.0 Fighting
 - Level 2.6 Long Blades
 + Level 16.8 Maces & Flails
 - Level 1.0(11.9) Staves
 - Level 10.0 Throwing
 - Level 10.0 Armour
 - Level 3.6 Dodging
 - Level 1.0 Stealth
 - Level 10.0 Invocations


You had 14 spell levels left.
You didn't know any spells.
Your spell library contained the following spells:

 Spells                   Type           Power      Damage    Failure   Level
 Foxfire                  Conj/Fire      0%         2x1d4     36%         1
 Freeze                   Ice            0%         1d3       36%         1
 Magic Dart               Conj           0%         1d3       36%         1
 Summon Small Mammal      Summ           0%         N/A       36%         1
 Call Imp                 Summ           0%         N/A       52%         2
 Scorch                   Fire           0%         2d5       52%         2
 Sublimation of Blood     Necr           0%         N/A       52%         2
 Call Canine Familiar     Summ           0%         N/A       75%         3
 Frozen Ramparts          Ice            0%         1d1       75%         3
 Hailstorm                Conj/Ice       0%         3d3       75%         3
 Ignite Poison            Fire/Tmut/Pois 0%         N/A       75%         3
 Inner Flame              Hex/Fire       0%         N/A       75%         3
 Mephitic Cloud           Conj/Pois/Air  0%         N/A       75%         3
 Sigil of Binding         Hex            0%         N/A       75%         3
 Summon Guardian Golem    Hex/Summ       0%         N/A       75%         3
 Tukima's Dance           Hex            0%         N/A       75%         3
 Dimensional Bullseye     Hex/Tloc       0%         N/A       98%         4
 Flame Wave               Conj/Fire      0%         2d4       98%         4
 Leda's Liquefaction      Hex/Erth       0%         N/A       98%         4
 Passage of Golubria      Tloc           0%         N/A       98%         4
 Petrify                  Tmut/Erth      0%         N/A       98%         4
 Sticky Flame             Conj/Fire      0%         2d3       98%         4
 Summon Ice Beast         Ice/Summ       0%         N/A       98%         4
 Irradiate                Conj/Tmut      0%         3d11      100%        5
 Yara's Violent Unravell  Hex/Tmut       0%         3d3       100%        5
 Simulacrum               Ice/Necr       0%         N/A       100%        6
 Summon Cactus Giant      Summ           0%         N/A       100%        6
 Enfeeble                 Hex            0%         N/A       100%        7
 Orb of Destruction       Conj           0%         9d5       100%        7
 Spellforged Servitor     Conj/Summ      0%         N/A       100%        7
 Ignition                 Fire           0%         3d3       100%        8


Dungeon Overview and Level Annotations

Branches:
Dungeon (15/15)            Temple (0/1) D:6            Lair (5/5) D:11
  Swamp (1/4) Lair:2       Spider (0/4) Lair:3        Slime (0/5) Lair:4
    Orc (2/2) D:12            Elf (0/3) Orc:2        Vaults (0/5) D:13
 Depths (0/4) D:15        Gauntlet (visited)

Altars:
Cheibriados
Elyvilon
Fedhas
Hepliaklqana
Kikubaaqudgha
Okawaru
Qazlal
Ru
Sif Muna
Uskayaw
Vehumet
Wu Jian
Xom
Zin
Jiyva

Shops:
D:1 (   D:12 (   Orc:1 :?   Orc:2 [(*!

Portals:
Trove: D:13 (give 2 scrolls of acquirement)

Annotations:
D:7 Jeremiah
D:8 Psyche


Innate Abilities, Weirdness & Mutations

You are too large for most types of armour.
You have tough skin. (AC +1)


Message History

You block the vampire mosquito's attack.
The vampire mosquito bites you but does no damage.
You can now stomp with the beat.
You regained 2 hp, and now have 47/167 hp.
You now have 19/22 mp.
You stomp with the beat, sending a shockwave through the revellers around you!
The vampire mosquito is almost destroyed.
The vampire mosquito is severely damaged. x2
You destroy the vampire mosquito!
The spriggan druid is severely wounded.
You can no longer stomp with the beat.
The vampire mosquito closely misses you.
The vampire mosquito bites you but does no damage.
The vampire mosquito bites you!
* * * LOW HITPOINT WARNING * * *
The vampire mosquito draws strength from your injuries!
The spriggan druid hits you with a +0 spectral quarterstaff!
* * * LOW HITPOINT WARNING * * *
You block the vampire mosquito's attack.
The vampire mosquito bites you!
* * * LOW HITPOINT WARNING * * *
The vampire mosquito draws strength from your injuries!
You block the vampire mosquito's attack.
You can now stomp with the beat.
You take 33 damage, and have 14/167 hp.
You now have 16/22 mp.
You stomp with the beat, sending a shockwave through the revellers around you!
You destroy the vampire mosquito!
The vampire mosquito is almost destroyed.
You destroy the vampire mosquito!
The bog body is heavily damaged.
The spriggan druid is almost dead.
You can no longer stomp with the beat.
You block the vampire mosquito's attack.
The spriggan druid hits you with a +0 spectral quarterstaff.
* * * LOW HITPOINT WARNING * * *
The +0 spectral quarterstaff hits you.
* * * LOW HITPOINT WARNING * * *
The bog body casts a spell at you. The bolt of cold hits you!
You die...

>♣. ♣.♣ .
♣.♣ y§ ♣.♣
..~ ♣(♣
.~~~ ♣.♣♣
.~~~~
♣(i♣.~~~§.
♣@<..§~w~~
♣yn§~~~~.♣
♣~~~~~~~.♣
♣..§~♣♣~~♣
♣♣.~~~. .♣
♣§~~~.♣ ♣
♣..♣♣♣♣
♣♣♣♣


You could see a tyrant leech, a spriggan druid, a bog body, a vampire mosquito
and a +0 spectral quarterstaff.

Vanquished Creatures
  An orc warlord (Orc:1)
  A reaper (Gauntlet)
  Azrael (D:13)
  2 dire elephants (Lair:5)
  A minotaur (Gauntlet)
  8 vault guards (D:13)
  2 fire dragons
  A rakshasa (D:15)
  Erolcha (D:12)
  4 two-headed ogres
  4 hydras
  A catoblepas (Lair:5)
  3 centaur warriors
  A death knight (D:15)
  A boulder beetle (D:12)
  4 death yaks
  A tengu warrior (D:14)
  An orc high priest (Orc:2)
  Sonja (D:13)
  2 occultists (D:15)
  A skyshark (Lair:2)
  3 skeletal warriors (D:13)
  A swamp dragon (Lair:5)
  2 glowing orange brains (Gauntlet)
  An orb spider (Lair:3)
  An arcanist (D:14)
  2 spriggan druids (Lair:2)
  A necromancer (D:15)
  2 lindwurms (Lair:5)
  5 orc knights
  A wolf spider zombie (D:15)
  4 orc sorcerers
  3 deep elf pyromancers
  An ugly thing (Gauntlet)
  5 manticores
  5 cyclopes
  A centaur zombie (D:15)
  2 elephants (Lair:5)
  4 black mambas
  Maggie (D:7)
  2 unseen horror zombies (D:9)
  8 cane toads
  A torpor snail (Lair:2)
  2 kobold demonologists (D:11)
  A centaur skeleton (D:15)
  7 komodo dragons
  8 rime drakes
  A yaktaur (shapeshifter) (D:13)
  A tengu conjurer (D:14)
  6 trolls
  A hellwing (Gauntlet)
  3 meliai (D:14)
  A hornet (shapeshifter) (D:15)
  2 polar bears (D:11)
  13 blink frogs
  A hornet (D:9)
  2 dream sheep (Lair:5)
  11 slime creatures (D:13)
  5 wyverns
  A shadow (D:6)
  A wraith (D:12)
  7 basilisks
  Grum (Lair:1)
  40 yaks
  19 vampire mosquitoes
  3 steam dragons
  2 fire elementals (D:13)
  Menkaure (D:7)
  3 acid dragons
  6 wargs
  3 hell hounds (D:13)
  11 water moccasins
  Edmund (D:5)
  34 orc warriors
  4 ice beasts
  A hornet zombie (D:9)
  3 swamp drakes (Lair:5)
  2 black bears
  A black bear (shapeshifter) (D:14)
  A sky beast (D:6)
  5 ogres
  11 wolves
  4 boggarts (D:14)
  21 centaurs
  2 phantoms
  13 bullfrogs
  6 scorpions
  A gnoll sergeant (D:7)
  12 wights
  6 killer bees (D:10)
  8 electric eels
  10 howler monkeys
  A hound (D:6)
  4 jellies
  A gnoll bouda (D:5)
  16 orc priests
  2 sleepcaps
  9 iguanas
  22 orc wizards
  A boggart skeleton (D:15)
  2 killer bee zombies (D:9)
  A howler monkey zombie (D:9)
  9 adders
  14 gnolls
  2 shadow imps (Gauntlet)
  A white imp (D:6)
  An ufetubus (D:6)
  2 worms
  3 dart slugs
  76 orcs
  A bat (D:3)
  4 endoplasms
  5 giant cockroaches
  3 goblins
  A hobgoblin (D:3)
  10 kobolds
  2 quokkas
  7 ball pythons
  3 frilled lizards
  5 rats
  A spectral goblin (D:12)
616 creatures vanquished.

Vanquished Creatures (others)
  An angel (D:6)
  An occultist (D:15)
2 creatures vanquished.

Grand Total: 618 creatures vanquished

Notes
Turn   | Place    | Note
-------+----------+-------------------------------------------
     0 | D:1      | jasper the Ogre Wanderer began the quest for the Orb.
     0 | D:1      | jasper set off with the following items: a +2 falchion, a
                  | +0 quarterstaff, a +0 robe, a potion of brilliance.
     0 | D:1      | Reached XP level 1. HP: 19/19 MP: 1/1
   246 | D:1      | Found Uddal's Antique Weapon Emporium.
   290 | D:1      | Reached XP level 2. HP: 26/28 MP: 2/2
   311 | D:1      | Reached skill level 1 in Maces & Flails
   631 | D:2      | Reached XP level 3. HP: 36/36 MP: 3/3
   932 | D:2      | Found a faded altar of an unknown god.
   961 | D:2      | Prayed at the altar of an unknown god.
   961 | D:2      | Became a worshipper of Uskayaw the Reveller
   961 | D:2      | Reached * piety under Uskayaw
  1020 | D:2      | Reached ** piety under Uskayaw
  1021 | D:2      | Reached skill level 2 in Maces & Flails
  1343 | D:3      | Identified the "Qaath"
  1595 | D:3      | Reached XP level 4. HP: 43/45 MP: 4/4
  1859 | D:3      | Reached *** piety under Uskayaw
  1869 | D:3      | Reached **** piety under Uskayaw
  2080 | D:4      | Noticed a phantom
  2101 | D:4      | Killed a phantom
  2102 | D:4      | Reached skill level 3 in Maces & Flails
  2102 | D:4      | Reached skill level 1 in Throwing
  2102 | D:4      | Reached skill level 1 in Invocations
  2102 | D:4      | Reached XP level 5. HP: 28/54 MP: 5/5
  2313 | D:4      | Found a sacrificial altar of Ru.
  2872 | D:1      | Bought a smouldering mace for 192 gold pieces
  2872 | D:1      | Identified the +8 mace "Hafach" {drain, Fragile rPois Int+5
                  | Dex+2} (You bought it in a shop on level 1 of the Dungeon)
  3134 | D:3      | Reached XP level 6. HP: 31/62 MP: 7/7
  3360 | D:3      | Found a radiant altar of Vehumet.
  3500 | D:3      | Found an ancient bone altar of Kikubaaqudgha.
  3540 | D:3      | Found a shimmering blue altar of Sif Muna.
  4043 | D:5      | Entered Level 5 of the Dungeon
  4050 | D:5      | Reached skill level 4 in Maces & Flails
  4079 | D:5      | Reached XP level 7. HP: 55/71 MP: 8/8
  4163 | D:5      | Reached skill level 5 in Fighting
  4401 | D:5      | Noticed Edmund
  4506 | D:5      | Reached ***** piety under Uskayaw
  4658 | D:5      | Reached skill level 5 in Maces & Flails
  5032 | D:6      | Upgraded the game from 0.31-a0-965-g8a8ce12e04 to
                  | 0.31-a0-968-g24f9ace8b5
  5092 | D:6      | Reached XP level 8. HP: 76/83 MP: 10/10
  5137 | D:6      | Noticed a shadow
  5168 | D:6      | Killed a shadow
  5303 | D:6      | Killed an angel
  5424 | D:6      | Found a shimmering altar of Xom.
  5424 | D:6      | Found a glowing silver altar of Zin.
  5750 | D:6      | Found a staircase to the Ecumenical Temple.
  5762 | D:6      | Reached skill level 6 in Maces & Flails
  6359 | D:6      | Reached XP level 9. HP: 93/93 MP: 12/12
  6571 | D:7      | Noticed Menkaure
  6708 | D:7      | Killed Menkaure
  6709 | D:7      | Reached skill level 5 in Invocations
  6849 | D:7      | Found a blossoming altar of Fedhas.
  6870 | D:7      | Reached skill level 7 in Maces & Flails
  7198 | D:7      | Reached skill level 5 in Throwing
  7239 | D:7      | Found a large runed translucent door.
  7240 | D:7      | Found a large runed translucent door.
  8310 | D:7      | Reached skill level 8 in Maces & Flails
  8376 | D:7      | Found a white marble altar of Elyvilon.
  8388 | D:7      | Reached XP level 10. HP: 94/106 MP: 14/14
  8412 | D:7      | Noticed Maggie
  8419 | D:7      | Killed Maggie
  8845 | D:7      | Found a snail-covered altar of Cheibriados.
  8848 | D:7      | Found an iron altar of Okawaru.
  8890 | D:8      | Noticed Jeremiah
  9450 | D:8      | Noticed Psyche
 10517 | D:9      | Reached skill level 9 in Maces & Flails
 11239 | D:9      | Found an ornate altar of the Wu Jian Council.
 11343 | D:9      | Noticed a two-headed ogre
 11358 | D:9      | Killed a two-headed ogre
 11626 | D:10     | Entered Level 10 of the Dungeon
 11667 | D:10     | Reached XP level 11. HP: 107/117 MP: 16/16
 11736 | D:10     | Reached skill level 10 in Fighting
 11841 | D:10     | Found a hide-covered altar of Uskayaw.
 11857 | D:10     | Found a stormy altar of Qazlal.
 12063 | D:10     | Reached skill level 10 in Maces & Flails
 12654 | D:11     | Found a staircase to the Lair.
 12894 | D:11     | Noticed a two-headed ogre
 12903 | D:11     | HP: 2/119 [ice beast (14)]
 12909 | D:11     | Killed a two-headed ogre
 13747 | Lair:1   | Entered Level 1 of the Lair of Beasts
 13812 | Lair:1   | Reached skill level 11 in Maces & Flails
 14003 | Lair:1   | Reached XP level 12. HP: 126/130 MP: 18/18
 14245 | Lair:1   | Noticed Grum
 14263 | Lair:1   | Killed Grum
 15214 | Lair:2   | HP: 4/131 [spriggan druid/+0 quarterstaff (5)]
 15241 | Lair:2   | Reached ****** piety under Uskayaw
 15582 | Lair:2   | Found a staircase to the Swamp.
 15637 | Lair:2   | Noticed a skyshark
 15651 | Lair:2   | Killed a skyshark
 15829 | Lair:2   | Reached skill level 10 in Invocations
 16350 | Lair:2   | Noticed a death yak
 16372 | Lair:2   | Killed a death yak
 16373 | Lair:2   | Reached skill level 10 in Throwing
 16373 | Lair:2   | Reached skill level 12 in Maces & Flails
 17000 | Lair:3   | Found a hole to the Spider Nest.
 17121 | Lair:3   | Reached XP level 13. HP: 102/140 MP: 20/20
 17566 | Lair:3   | You fall into a shaft and drop 2 floors!
 17566 | Lair:5   | Entered Level 5 of the Lair of Beasts
 17573 | Lair:5   | Reached skill level 13 in Maces & Flails
 17641 | Lair:5   | Found a gate leading to a gauntlet.
 17660 | Gauntlet | Entered a Gauntlet
 17660 | Gauntlet | Found a transporter.
 17737 | Gauntlet | Found a transporter.
 17753 | Gauntlet | Found a transporter.
 17757 | Gauntlet | Found a transporter.
 17767 | Gauntlet | Found a transporter.
 17787 | Gauntlet | Found a transporter.
 17790 | Gauntlet | Found a transporter.
 17794 | Gauntlet | Found a transporter.
 17817 | Gauntlet | Found a transporter.
 17826 | Gauntlet | Noticed a reaper
 17834 | Gauntlet | Found a transporter.
 17838 | Gauntlet | Found a transporter.
 17846 | Gauntlet | Found a transporter.
 17891 | Gauntlet | Identified the ring of the Final Decision {rElec Str+6
                  | Int+2 SInv}
 18217 | Gauntlet | Killed a reaper
 18358 | Gauntlet | Identified the ring of Tuynix {rN+ rCorr Str+2 Int+3}
 18547 | Gauntlet | Noticed a minotaur
 18561 | Gauntlet | Killed a minotaur
 18681 | Lair:5   | Reached skill level 1 in Armour
 18769 | Lair:4   | Found a staircase to the Slime Pits.
 18769 | Lair:4   | Found a viscous altar of Jiyva.
 20218 | D:12     | Found Tius's Antique Weapon Emporium.
 20265 | D:12     | Noticed Erolcha
 20276 | D:12     | Killed Erolcha
 20499 | D:12     | Found a hazy altar of Hepliaklqana.
 20892 | D:12     | Found a staircase to the Orcish Mines.
 20956 | D:12     | Identified the +1 hat of the Gastropod {Regen+ Slay+2}
 21011 | Orc:1    | Entered Level 1 of the Orcish Mines
 21054 | Orc:1    | Found Ecotzuot's Vocational Training.
 21076 | Orc:1    | Found Zaixa's Magic Scroll Shoppe.
 21101 | Orc:1    | Bought a scroll of fear for 60 gold pieces
 21292 | Orc:2    | Entered Level 2 of the Orcish Mines
 21560 | Orc:2    | Reached skill level 5 in Armour
 21560 | Orc:2    | Reached XP level 14. HP: 128/157 MP: 21/21
 21935 | Orc:2    | Reached skill level 15 in Fighting
 22132 | Orc:2    | Found a staircase to the Elven Halls.
 22300 | Orc:2    | Found Ogar's Assorted Antiques.
 22300 | Orc:2    | Found Ocabaa's Weapon Shoppe.
 22302 | Orc:2    | Found Kogaip's Armour Emporium.
 22304 | Orc:2    | Found Muiwumpoheu's Distillery.
 22316 | Orc:2    | Bought a potion of curing for 54 gold pieces
 22316 | Orc:2    | Bought a potion of haste for 180 gold pieces
 22316 | Orc:2    | Bought a potion of heal wounds for 90 gold pieces
 22316 | Orc:2    | Bought a potion of haste for 180 gold pieces
 22316 | Orc:2    | Bought a potion of lignification for 54 gold pieces
 22379 | Orc:1    | Noticed an orc warlord
 22392 | Orc:1    | Killed an orc warlord
 23115 | Lair:5   | Noticed a dire elephant
 23125 | Lair:5   | Killed a dire elephant
 23276 | Lair:5   | Noticed a dire elephant
 23291 | Lair:5   | Killed a dire elephant
 24298 | D:5      | Killed Edmund
 24470 | D:13     | Reached skill level 10 in Armour
 24472 | D:13     | Reached skill level 14 in Maces & Flails
 24499 | D:13     | Noticed Sonja
 24509 | D:13     | Killed Sonja
 24510 | D:13     | Reached XP level 15. HP: 147/167 MP: 22/22
 24683 | D:13     | Noticed Azrael
 24700 | D:13     | Killed Azrael
 24866 | D:13     | Reached skill level 15 in Maces & Flails
 25018 | D:13     | Found a gate to the Vaults.
 25193 | D:13     | Found a portal to a secret trove of treasure.
 25791 | D:14     | Identified the +9 orcbow of Turmoil {freeze, +Blink SInv}
 25864 | D:14     | Reached skill level 16 in Maces & Flails
 26213 | D:15     | Entered Level 15 of the Dungeon
 26691 | D:15     | Found a staircase to the Depths.
 26802 | D:15     | Found a white marble altar of Elyvilon.
 27603 | Swamp:1  | Entered Level 1 of the Swamp
 27616 | Swamp:1  | Killed from afar by a bog body

Illustrated notes

Levels and vault maps discovered:
D:1:      minmay_arrival_checkered_box, layout_basic, serial_shops, shop
D:2:      layout_basic, hellmonk_ecumenical_altar_heavens_door, serial_forest,
          infiniplex_forest_end_1, infiniplex_forest_lined_1,
          infiniplex_forest_end_1, infiniplex_forest_straight_5,
          infiniplex_forest_split, infiniplex_forest_lined_room_3,
          infiniplex_forest_straight_2, kennysheep_minor_cross
D:3:      layout_basic, palyth_temple_overflow_mages
D:4:      layout_basic, nicolae_ru_sacrificial_ziggurat
D:5:      layout_cave_pools, uniq_edmund
D:6:      minmay_skewed_foursquare, layout_basic,
          grunt_temple_overflow_order_and_chaos_1, minmay_temple_entry_arrows
D:7:      cheibrodos_two_vegetables, layout_loops_ring,
          nicolae_overflow_crystal_walls, jmf_multi_god_temple2,
          fedhas_bush_and_centaur_altar, uniq_maggie, uniq_menkaure
D:8:      layout_cave_pods, uniq_psyche, uniq_jeremiah
D:9:      layout_roguey, pdpol_wu_jian_five_deadly_venoms, serial_undead,
          serial_undead_d, serial_undead_e, serial_undead_e, serial_undead_c,
          minmay_quadrilaterals
D:10:     nicolae_cairo_tiling_large, layout_rooms, grunt_temple_overflow_open
D:11:     layout_rooms, hellmonk_lair_entry_icy, portal_ice_cave_rime
D:12:     layout_roguey, hiddenorc1_lemuel, serial_shops, shop,
          nicolae_hepliaklqana_monster_ancestors, uniq_erolcha
D:13:     layout_big_octagon, erik_vaults_2, nicolae_trove_entry_diagonal,
          uniq_sonja, uniq_azrael
D:14:     layout_roguey, nicolae_hexahallways
D:15:     grunt_enter_depths_magical_seal, layout_irregular_city,
          nicolae_elyvilon_peaceful_grove
Lair:1:   layout_gridlike, serial_bayou_shore_a, infiniplex_staircase_pool,
          grunt_megastairs_4, uniq_grum
Lair:2:   layout_roguey, mainiacjoe_swamp_entry_angry_trees,
          grunt_forest_large_clearings
Lair:3:   layout_loops_ring, nicolae_spider_entry_orb_guardian
Lair:4:   layout_layer_cave, slime_entry_1, lemuel_fruit_fields
Lair:5:   guppyfry_lair_end_dragon, layout_cave_pods, hangedman_lair_in_review,
          gauntlet_entry_generic
Swamp:1:  layout_falls_marsh, evilmike_swamp_ruin_house_1
Orc:1:    layout_diamond_mine, serial_shops, shop_fountains,
          nicolae_shop_vocational
Orc:2:    st_orc_rangers, layout_caves, basic_altar

Skill      XL: |  1  2  3  4  5  6  7  8  9 10 11 12 13 14 15 |
---------------+----------------------------------------------+-----
Fighting       | 2 3 4 5 7 8 9 11 12 14 15 | 15.0
Maces & Flails | 1 2 3 4 5 6 8 9 11 12 13 14 16 | 16.8
Throwing       | 1 2 3 4 5 6 8 10 | 10.0
Invocations    | 1 2 3 4 6 7 9 10 | 10.0
Armour         | 5 10 | 10.0
Long Blades    | |  2.6
Staves         | |  1.0
Dodging        | |  3.6
Stealth        | |  1.0

Action                     |  1- 3 |  4- 6 |  7- 9 | 10-12 | 13-15 || total
---------------------------+-------+-------+-------+-------+-------++-------
  Melee: Quarterstaff      |    34 |       |       |       |       ||    34
         Whip              |    35 |   106 |       |       |       ||   141
         Mace              |       |    42 |   206 |   525 |   828 ||  1601
         Punch             |       |     2 |     2 |       |       ||     4
  Throw: Dart              |       |       |     8 |       |    30 ||    38
         Stone             |       |       |     2 |       |       ||     2
         Boomerang         |       |       |       |    28 |   292 ||   320
         Throwing net      |       |       |       |       |     1 ||     1
         Large rock        |       |       |       |       |    19 ||    19
         Javelin           |       |       |       |       |     6 ||     6
 Invoke: Stomp             |       |     2 |     1 |     1 |     4 ||     8
         Grand Finale      |       |       |       |     1 |     3 ||     4
  Evoke: Wand              |       |     3 |    15 |     4 |    12 ||    34
         Sack of spiders   |       |       |       |       |     1 ||     1
    Use: Scroll            |     6 |     6 |     4 |     6 |     8 ||    30
         Potion            |       |       |     2 |     8 |     6 ||    16
   Stab: Sleeping          |     1 |     3 |     1 |     1 |       ||     6
         Paralysed         |       |     4 |    10 |    45 |    59 ||   118
         Distracted        |       |       |       |       |     1 ||     1
         Petrifying        |       |       |       |       |     1 ||     1
 Armour: Robe              |    43 |    92 |   199 |     2 |       ||   336
         Acid dragon scale |       |       |       |   402 |   415 ||   817
         Skin              |       |       |       |    43 |    20 ||    63
         Swamp dragon scal |       |       |       |       |   288 ||   288
  Dodge: Dodged            |    25 |    47 |   136 |   154 |   303 ||   665
  Block: Kite shield       |       |       |       |   197 |   248 ||   445

Table legend: (Time is in decaauts)
 A = Elapsed time spent in this place.
 B = Non-inter-level travel time spent in this place.
 C = Inter-level travel time spent in this place.
 D = Time resting spent in this place.
 E = Time spent auto-exploring this place.
 F = Levels seen in this place.
 G = Mean time per level.
                   A        B        C        D        E       F      G
               +--------+--------+--------+--------+--------+-----+--------+
         Total |  27530 |  25524 |   2006 |   2189 |  18650 |  24 | 1147.1 |
       Dungeon |  18046 |  16790 |   1256 |   1434 |  12530 |  15 | 1203.1 |
          Lair |   6893 |   6358 |    535 |     84 |   5139 |   5 | 1378.6 |
         Swamp |     11 |     11 |      0 |      0 |      0 |   1 |   11.0 |
  Orcish Mines |   1643 |   1430 |    213 |    234 |    767 |   2 |  821.5 |
      Gauntlet |    935 |    935 |      0 |    436 |    214 |   1 |  935.0 |
               +--------+--------+--------+--------+--------+-----+--------+

Top non-repeatable levels by time:
     D:7: 2326 daAuts
  Lair:2: 1985 daAuts
     D:6: 1949 daAuts
     D:3: 1624 daAuts
     D:9: 1491 daAuts
  Lair:5: 1397 daAuts
    D:11: 1383 daAuts
  Lair:4: 1269 daAuts
  Lair:1: 1253 daAuts
    D:15: 1078 daAuts
     D:8: 1062 daAuts
   Orc:2: 1037 daAuts
     D:5: 1028 daAuts
     D:4: 1002 daAuts
  Lair:3: 988 daAuts
